 Dungeon Crawl Stone Soup version 0.31-a0-204-g7da18cac08 (webtiles) character file.

Game seed: 968022377830674767

5608 qw the Markself (level 10, -19/59 HPs)
             Began as a Deep Elf Hunter on June 27, 2023.
             Was a Believer of Okawaru.
             Killed from afar by a tengu conjurer (29 damage)
             ... with a bolt of lightning
             ... on level 8 of the Dungeon.
             The game lasted 00:04:27 (6898 turns).

qw the Markself (Deep Elf Hunter)                   Turns: 6898, Time: 00:04:28

Health: -19/59     AC: 17    Str: 12    XL:     10   Next: 45%
Magic:  4/6        EV: 23    Int: 15    God:    Okawaru [**....]
Gold:   454        SH:  0    Dex: 18    Spells: 9/9 levels left

rFire   + . .        b - +0 orcbow
rCold   + + .        (shield currently unavailable)
rNeg    . . .        n - +5 ring mail of the Learner {Fly rC++ Regen+ MP-9}
rPois   .            a - +0 helmet
rElec   .            h - +0 cloak
rCorr   .            c - +0 pair of gloves
SInv    .            k - +0 pair of boots
Will    +....        g - amulet of faith
Stlth   +++          f - ring of protection from fire
HPRegen 1.09/turn    e - +5 ring of evasion
MPRegen 0.10/turn

%: faith
@: heroic, flying
A: no striking features
a: Renounce Religion, Heroism


You were on level 8 of the Dungeon.
You worshipped Okawaru.
Okawaru was pleased with you.
You visited 2 branches of the dungeon, and saw 9 of its levels.

You collected 454 gold pieces.


   Skills:
 - Level 5.0(10.0) Fighting
 + Level 15.9(20.9) Ranged Weapons
 - Level 3.0(8.0) Armour
 - Level 8.1(13.1) Dodging
 - Level 1.2(6.2) Stealth
 - Level 4.2 Invocations


You had 9 spell levels left.
You didn't know any spells.
Your spell library was empty.

Inventory:

Hand Weapons
 b - a +0 orcbow (weapon)
Armour
 a - a +0 helmet (worn)
 c - a +0 pair of gloves (worn)
 h - a +0 cloak (worn)
 k - a +0 pair of boots (worn)
 n - the +5 ring mail of the Learner (worn) {Fly rC++ Regen+ MP-9}
   (You found it on level 4 of the Dungeon)

   rC:        It greatly protects you from cold.
   MP:        It affects your magic capacity (-9).
   Fly:       It grants you flight.
   Regen:     It increases your rate of health regeneration.
Jewellery
 e - a +5 ring of evasion (right hand)
 f - a ring of protection from fire (left hand)
 g - an amulet of faith (around neck)
Scrolls
 p - 2 scrolls of identify
Potions
 d - 2 potions of haste
 l - a potion of enlightenment
 m - 3 potions of curing
 o - a potion of cancellation
 q - a potion of brilliance {unknown}
 r - a potion of might
 s - a potion of heal wounds {unknown}

Dungeon Overview and Level Annotations

Branches:
Dungeon (8/15)             Temple (1/1) D:6
   Lair: D:8-11

Altars:
Ashenzari
Cheibriados
Dithmenos
Elyvilon
Fedhas
Gozag
Hepliaklqana
Kikubaaqudgha
Makhleb
Nemelex Xobeh
Okawaru
Qazlal
Ru
Sif Muna
Trog
Uskayaw
Wu Jian
Xom
Yredelemnul
Zin
The Shining One

Annotations:
D:5 3 runed translucent doors, qw's ghost, novice DEHu


Message History

You start resting.
You feel like a meek peon again.
You feel yourself speed up.
HP restored.
You now have 454 gold pieces (gained 8).
Things that are here:
a +0 whip; a kobold corpse A tengu conjurer is nearby!
You shoot an arrow.
The arrow closely misses the tengu conjurer.
The tengu conjurer shouts!
You shoot an arrow.
The arrow barely misses the tengu conjurer.
You shoot an arrow. The arrow hits the tengu conjurer!
The tengu conjurer is moderately wounded.
The tengu conjurer casts a spell at you.
The bolt of lightning misses you.
You hear a shout!
You shoot an arrow. The arrow misses the tengu conjurer.
You shoot an arrow.
The arrow barely misses the tengu conjurer.
The tengu conjurer zaps a wand.
Your mind is blasted!
You shoot an arrow. The arrow misses the tengu conjurer.
The tengu conjurer zaps a wand.
Your mind is blasted!
6894 ||| INVOKING Heroism.
You gain the combat prowess of a mighty hero.
The tengu conjurer zaps a wand.
You resist with significant effort.
You shoot an arrow.
The arrow hits the tengu conjurer but does no damage.
The tengu conjurer is moderately wounded.
You shoot an arrow.
The arrow closely misses the tengu conjurer.
You shoot an arrow.
The arrow hits the tengu conjurer but does no damage.
The tengu conjurer is moderately wounded.
The tengu conjurer zaps a wand.
Your mind is blasted!
You shoot an arrow. The arrow misses the tengu conjurer.
The tengu conjurer points at you and mumbles some strange words.
The bolt of lightning hits you!!
You die...

.... ....# .....
#...###### .....
#........#######.
.....#
................
....## #..............
..)# #..............
#)###Q.............
#.@................
#####.#####........
########.#####........
................%.....
##########).##........
#.......#####
#..####..### #''#
##...# ..g. ###.#


You could see a tengu conjurer.

Vanquished Creatures
  A two-headed ogre (D:6)
  Prince Ribbit (D:8)
  Sigmund (D:6)
  Eustachio (D:5)
  A wyvern (D:8)
  A steam dragon (D:6)
  A warg (D:6)
  3 water moccasins
  4 orc warriors (D:6)
  A sky beast (D:7)
  3 black bears
  6 ogres
  An ice beast (D:7)
  2 centaurs (D:5)
  2 phantoms (D:5)
  4 kobold brigands
  A bullfrog (D:6)
  2 gnoll sergeants (D:6)
  2 scorpions
  4 wights (D:8)
  8 howler monkeys (D:6)
  10 hounds
  3 orc priests
  3 jellies
  3 gnoll boudas
  2 sleepcaps
  6 orc wizards
  9 gnolls
  7 adders
  A shadow imp (D:7)
  An ufetubus (D:5)
  4 dart slugs
  18 orcs
  5 endoplasms
  5 giant cockroaches
  12 goblins
  4 hobgoblins
  3 jackals (D:2)
  21 kobolds
  5 quokkas
  6 ball pythons
  4 bats
  A frilled lizard (D:3)
  6 rats
189 creatures vanquished.

Vanquished Creatures (others)
  An ogre (D:6)
  A hound (D:6)
2 creatures vanquished.

Grand Total: 191 creatures vanquished

Notes
Turn   | Place    | Note
-------+----------+-------------------------------------------
     0 | D:1      | qw the Deep Elf Hunter began the quest for the Orb.
     0 | D:1      | Reached XP level 1. HP: 12/12 MP: 3/3
     0 | D:1      | 0 ||| qw: Version: 0.3-a-22-g0ed2b0b
     0 | D:1      | 0 ||| qw: Game counter: 6519
     0 | D:1      | 0 ||| qw: Melee chars always use a shield: true
     0 | D:1      | 0 ||| qw: God list: Okawaru
     0 | D:1      | 0 ||| qw: Allow faded altars: false
     0 | D:1      | 0 ||| qw: Do Orc after clearing Dungeon:15 true
     0 | D:1      | 0 ||| qw: Do second Lair branch before Depths: true
     0 | D:1      | 0 ||| qw: Lair rune preference: random
     0 | D:1      | 0 ||| qw: Goals: Normal
     0 | D:1      | 0 ||| PLANNING D:1-11
    37 | D:1      | 37 ||| FLEEEEING.
    38 | D:1      | 38 ||| FLEEEEING.
   138 | D:1      | Reached skill level 6 in Ranged Weapons
   138 | D:1      | Reached XP level 2. HP: 16/16 MP: 4/4
   544 | D:1      | Reached XP level 3. HP: 20/20 MP: 5/5
   686 | D:1      | 686 ||| UPGRADING to amulet of faith.
   691 | D:1      | 691 ||| UPGRADING to ring of protection from fire.
   692 | D:1      | 692 ||| READING scroll labelled YNUBYR TIQUISS.
   697 | D:1      | 697 ||| READING scroll labelled KACWISTESIH.
   698 | D:1      | 698 ||| DROPPING scroll of butterflies.
   705 | D:2      | 705 ||| STAIRDANCE
   857 | D:2      | Reached skill level 7 in Ranged Weapons
  1067 | D:2      | 1067 ||| Stepping ~*~*~tactically~*~*~ (water).
  1150 | D:2      | Reached XP level 4. HP: 25/25 MP: 6/6
  1428 | D:2      | 1428 ||| UPGRADING to +0 helmet.
  1433 | D:2      | 1433 ||| READING scroll labelled AMILET IVOSS.
  1527 | D:3      | Noticed an ogre
  1532 | D:3      | Killed an ogre
  1533 | D:3      | Reached skill level 8 in Ranged Weapons
  1533 | D:3      | Reached XP level 5. HP: 29/29 MP: 7/7
  1626 | D:3      | 1626 ||| FLEEEEING.
  1682 | D:3      | Reached skill level 9 in Ranged Weapons
  2200 | D:3      | 2200 ||| UPGRADING to +0 pair of boots.
  2205 | D:3      | 2205 ||| READING scroll labelled VAGGUIRGH MUKAF.
  2257 | D:3      | 2257 ||| READING scroll labelled JEILAM NEECIUB.
  2258 | D:3      | 2258 ||| READING scroll labelled NEENIF DOHOC.
  2309 | D:4      | 2309 ||| FLEEEEING.
  2387 | D:4      | Reached skill level 3 in Dodging
  2387 | D:4      | Reached XP level 6. HP: 24/34 MP: 8/8
  2551 | D:4      | Found a bloodstained altar of Trog.
  2551 | D:4      | Found a shadowy altar of Dithmenos.
  2557 | D:4      | Found an ornate altar of the Wu Jian Council.
  2559 | D:4      | Found a snail-covered altar of Cheibriados.
  2561 | D:4      | Found a sacrificial altar of Ru.
  2562 | D:4      | Identified the +5 ring mail of the Learner {Fly rC++ Regen+
                  | MP-9}
  2910 | D:4      | 2910 ||| UPGRADING to +5 ring mail of the Learner {Fly rC++
                  | Regen+ MP-9}.
  2920 | D:4      | 2920 ||| DROPPING +0 leather armour.
  2921 | D:4      | 2921 ||| READING scroll labelled OLYUR NIRIR.
  2922 | D:4      | 2922 ||| DRINKING 3 glowing dark potions.
  2923 | D:4      | 2923 ||| DRINKING 2 pink potions.
  2924 | D:4      | 2924 ||| DRINKING 2 murky blue potions.
  2939 | D:5      | Entered Level 5 of the Dungeon
  2955 | D:5      | Reached skill level 1 in Armour
  2955 | D:5      | Reached XP level 7. HP: 39/40 MP: 0/9
  3061 | D:5      | Found a runed translucent gate.
  3065 | D:5      | Found a runed translucent gate.
  3066 | D:5      | Found a runed translucent gate.
  3096 | D:5      | Noticed qw's ghost (novice DEHu)
  3112 | D:5      | Noticed Eustachio
  3140 | D:5      | Killed Eustachio
  3141 | D:5      | Reached skill level 10 in Ranged Weapons
  3184 | D:5      | Reached skill level 11 in Ranged Weapons
  3347 | D:5      | 3347 ||| STAIRDANCE
  3353 | D:4      | 3353 ||| UPGRADING to +0 pair of gloves.
  3358 | D:4      | 3358 ||| READING 2 scrolls of identify.
  3358 | D:4      | 3358 ||| IDENTIFYING silvery potion
  3359 | D:4      | 3359 ||| DROPPING potion of attraction.
  4013 | D:6      | Reached XP level 8. HP: 45/45 MP: 1/10
  4034 | D:6      | Reached skill level 12 in Ranged Weapons
  4045 | D:6      | Reached skill level 3 in Fighting
  4111 | D:6      | Reached skill level 13 in Ranged Weapons
  4135 | D:6      | Found a staircase to the Ecumenical Temple.
  4136 | D:6      | 4136 ||| PLANNING TEMPLE
  4136 | D:6      | 4136 ||| READING scroll labelled DAUKKI VAUM.
  4145 | Temple   | Entered the Ecumenical Temple
  4153 | Temple   | 4153 ||| PLANNING OKAWARU WORSHIP
  4230 | Temple   | Became a worshipper of Warmaster Okawaru
  4231 | Temple   | 4231 ||| PLANNING D:1-11
  4266 | D:6      | 4266 ||| Stepping ~*~*~tactically~*~*~ (outnumbered).
  4269 | D:6      | 4269 ||| Stepping ~*~*~tactically~*~*~ (outnumbered).
  4270 | D:6      | 4270 ||| Stepping ~*~*~tactically~*~*~ (outnumbered).
  4273 | D:6      | 4273 ||| Stepping ~*~*~tactically~*~*~ (outnumbered).
  4301 | D:6      | Identified the +7 trident of the Delightful God {vamp,
                  | *Rage rC+ Will+ Str-3 Int+4}
  4310 | D:6      | Found a hide-covered altar of Uskayaw.
  4431 | D:6      | Reached * piety under Okawaru
  4432 | D:6      | Reached skill level 14 in Ranged Weapons
  4484 | D:6      | Noticed Sigmund
  4491 | D:6      | Reached skill level 1 in Invocations
  4491 | D:6      | Reached XP level 9. HP: 38/51 MP: 1/12
  4509 | D:6      | Killed Sigmund
  4615 | D:6      | 4615 ||| INVOKING Heroism.
  4643 | D:6      | 4643 ||| FLEEEEING.
  4644 | D:6      | 4644 ||| FLEEEEING.
  4645 | D:6      | 4645 ||| FLEEEEING.
  4651 | D:6      | 4651 ||| FLEEEEING.
  4662 | D:6      | Reached skill level 3 in Invocations
  4669 | D:6      | 4669 ||| INVOKING Heroism.
  4727 | D:6      | 4727 ||| FLEEEEING.
  4728 | D:6      | 4728 ||| FLEEEEING.
  4729 | D:6      | 4729 ||| FLEEEEING.
  4731 | D:6      | 4731 ||| INVOKING Heroism.
  4746 | D:6      | Noticed a two-headed ogre
  4762 | D:6      | Killed a two-headed ogre
  4762 | D:6      | Reached ** piety under Okawaru
  4773 | D:6      | 4773 ||| FLEEEEING.
  4774 | D:6      | 4774 ||| INVOKING Heroism.
  4789 | D:6      | 4789 ||| FLEEEEING.
  4792 | D:6      | 4792 ||| INVOKING Heroism.
  4827 | D:6      | 4827 ||| INVOKING Heroism.
  4863 | D:6      | 4863 ||| FLEEEEING.
  4864 | D:6      | 4864 ||| FLEEEEING.
  4865 | D:6      | 4865 ||| FLEEEEING.
  4867 | D:6      | 4867 ||| FLEEEEING.
  4869 | D:6      | 4869 ||| FLEEEEING.
  4871 | D:6      | 4871 ||| FLEEEEING.
  4872 | D:6      | 4872 ||| FLEEEEING.
  4873 | D:6      | 4873 ||| FLEEEEING.
  4874 | D:6      | 4874 ||| FLEEEEING.
  4875 | D:6      | 4875 ||| FLEEEEING.
  4876 | D:6      | 4876 ||| FLEEEEING.
  4877 | D:6      | 4877 ||| FLEEEEING.
  4878 | D:6      | 4878 ||| FLEEEEING.
  4879 | D:6      | 4879 ||| FLEEEEING.
  4880 | D:6      | 4880 ||| FLEEEEING.
  4881 | D:6      | 4881 ||| FLEEEEING.
  4884 | D:6      | 4884 ||| FLEEEEING.
  4889 | D:6      | 4889 ||| STAIRDANCE
  5007 | D:5      | 5007 ||| UPGRADING to +0 cloak.
  5012 | D:5      | 5012 ||| READING scroll labelled VEIME GOBIDUSH.
  5013 | D:5      | 5013 ||| DRINKING 3 murky golden potions.
  5032 | D:6      | 5032 ||| INVOKING Heroism.
  5046 | D:6      | 5046 ||| STAIRDANCE
  5048 | D:5      | 5048 ||| INVOKING Heroism.
  5052 | D:5      | Reached XP level 10. HP: 53/59 MP: 2/15
  5121 | D:6      | 5121 ||| STAIRDANCE
  5123 | D:5      | 5123 ||| INVOKING Heroism.
  5127 | D:5      | Reached skill level 3 in Armour
  5186 | D:6      | 5186 ||| STAIRDANCE
  5229 | D:6      | 5229 ||| INVOKING Heroism.
  5262 | D:6      | 5262 ||| SWAPPING to +0 orcbow.
  5263 | D:6      | 5263 ||| DROPPING +0 shortbow of draining.
  5542 | D:6      | 5542 ||| READING 2 scrolls of identify.
  5542 | D:6      | 5542 ||| IDENTIFYING yellow potion
  5543 | D:6      | 5543 ||| DROPPING potion of degeneration.
  5760 | D:7      | 5760 ||| INVOKING Heroism.
  5840 | D:7      | Found a sparkling altar of Nemelex Xobeh.
  6260 | D:7      | Reached skill level 15 in Ranged Weapons
  6315 | D:7      | 6315 ||| INVOKING Heroism.
  6452 | D:7      | 6452 ||| UPGRADING to +5 ring of evasion.
  6453 | D:7      | 6453 ||| DRINKING 2 grey potions.
  6454 | D:7      | 6454 ||| READING 2 scrolls of identify.
  6454 | D:7      | 6454 ||| IDENTIFYING bubbling ruby potion
  6455 | D:7      | 6455 ||| DROPPING potion of berserk rage.
  6513 | D:8      | 6513 ||| INVOKING Heroism.
  6532 | D:8      | HP: 4/59 [tengu conjurer/bolt of lightning (28)]
  6533 | D:8      | 6533 ||| READING scroll of teleportation.
  6639 | D:8      | 6639 ||| INVOKING Heroism.
  6807 | D:8      | Noticed Prince Ribbit
  6816 | D:8      | Killed Prince Ribbit
  6833 | D:8      | 6833 ||| Stepping ~*~*~tactically~*~*~ (outnumbered).
  6842 | D:8      | 6842 ||| Stepping ~*~*~tactically~*~*~ (outnumbered).
  6845 | D:8      | 6845 ||| Stepping ~*~*~tactically~*~*~ (outnumbered).
  6858 | D:8      | 6858 ||| INVOKING Heroism.
  6894 | D:8      | 6894 ||| INVOKING Heroism.
  6897 | D:8      | HP: 9/59 [disintegration (20)]
  6898 | D:8      | Killed from afar by a tengu conjurer

Levels and vault maps discovered:
D:1:      matt_arrival_grand_opening, layout_loops_cross
D:2:      layout_loops_cross, serial_rivers, chequers_serial_rivers_small_3,
          chequers_serial_rivers_micro_c, chequers_serial_rivers_micro_e,
          chequers_serial_rivers_micro_e, chequers_serial_rivers_small_b,
          chequers_serial_rivers_marsh
D:3:      minmay_wonky_spiral, layout_loops_ring, grunt_decor_junction,
          grunt_ministairs_10, minmay_misc_feat_encased
D:4:      layout_cave_pools, chequers_temple_overflow_minitemple
D:5:      layout_loops_ring, gammafunk_ghost_icy, uniq_eustachio
D:6:      lemuel_castle_with_subvaults [lemuel_castle_interior_carwin_2],
          layout_cave_pools, lemuel_doored_altar, minmay_temple_entry_grid,
          serial_glass, glass_columns_a, glass_columns_a, uniq_sigmund
D:7:      layout_gridville, old_standard_altar
D:8:      kennysheep_big_flooded_room, layout_basic, kennysheep_mini,
          serial_shops, nicolae_stop_n_shop_1, kennysheep_big_empty_room,
          uniq_prince_ribbit1
Temple:   zaba_magenta_temple

Skill      XL: |  1  2  3  4  5  6  7  8  9 10 |
---------------+-------------------------------+-----
Ranged Weapons | 6 7 8 9 11 14 15 | 15.9
Dodging        | 3 4 7 8 |  8.1
Fighting       | 2 3 5 |  5.0
Armour         | 1 2 3 |  3.0
Invocations    | 1 4 |  4.2
Stealth        | |  1.2

Action                     |  1- 3 |  4- 6 |  7- 9 | 10-12 || total
---------------------------+-------+-------+-------+-------++-------
   Fire: Shortbow          |   115 |   167 |   365 |    15 ||   662
         Orcbow            |       |       |       |   203 ||   203
 Invoke: Heroism           |       |       |     8 |     8 ||    16
    Use: Scroll            |     2 |     5 |     3 |     3 ||    13
         Potion            |       |     3 |     1 |     1 ||     5
 Armour: Leather armour    |    17 |    19 |       |       ||    36
         Ring mail         |       |    15 |   103 |    30 ||   148
  Dodge: Dodged            |    30 |    62 |   185 |   116 ||   393

Table legend:
 A = Non-vault XP
 B = Vault XP
 C = Vault XP percentage of total XP
 D = Non-vault monster count
 E = Vault monster count
 F = Vault count percentage of total count
                 A         B        C        D         E       F
            +---------+---------+-------+---------+---------+-------
      Total |    3729 |    4283 |  53.5 |     133 |      58 |  30.4
            +---------+---------+-------+---------+---------+-------
        D:1 |      45 |       0 |   0.0 |      25 |       0 |   0.0
        D:2 |      52 |       0 |   0.0 |      17 |       0 |   0.0
        D:3 |     205 |       7 |   3.3 |      14 |       4 |  22.2
        D:4 |     325 |       0 |   0.0 |      15 |       0 |   0.0
        D:5 |     577 |     359 |  38.4 |       6 |       5 |  45.5
        D:6 |    1164 |    3634 |  75.7 |      23 |      48 |  67.6
        D:7 |     609 |       0 |   0.0 |      16 |       0 |   0.0
        D:8 |     752 |     283 |  27.3 |      17 |       1 |   5.6
            +---------+---------+-------+---------+---------+-------
